 Dungeon Crawl Stone Soup version 0.30.0-5-g1a98f26d00 (webtiles) character file.

Game seed: 14079906294356823653

214 Irreverend the Shooter (level 5, -1/30 HPs)
             Began as a Deep Elf Hexslinger on May 10, 2023.
             Slain by a human (2 damage)
             ... on level 3 of the Dungeon.
             The game lasted 00:02:52 (2166 turns).

Irreverend the Shooter (Deep Elf Hexslinger)        Turns: 2166, Time: 00:02:53

Health: -1/30      AC:  2    Str:  7    XL:     5   Next: 59%
Magic:  9/9        EV: 14    Int: 18    God:
Gold:   244        SH:  0    Dex: 17    Spells: 6/7 levels left

rFire   . . .        a - +1 sling
rCold   . . .        (no shield)
rNeg    . . .        c - +0 robe
rPois   .            (no helmet)
rElec   .            (no cloak)
rCorr   .            (no gloves)
SInv    .            (no boots)
Will    .....        (no amulet)
Stlth   ++           j - ring of flight
HPRegen 0.25/turn    (no ring)
MPRegen 0.11/turn

%: no passive effects
@: flying
A: no striking features
a: no special abilities


You were on level 3 of the Dungeon.
You visited 1 branch of the dungeon, and saw 3 of its levels.

You collected 244 gold pieces.

Inventory:

Hand Weapons
 a - a +1 sling (weapon)
Armour
 c - a +0 robe (worn)
Jewellery
 j - a ring of flight (left hand)
 n - a ring of fire
 o - a +4 ring of protection
Scrolls
 b - a scroll of poison
 d - a scroll of immolation {unknown}
 e - 3 scrolls of identify {unknown}
 g - a scroll of fear {unknown}
 i - 2 scrolls of enchant armour {unknown}
 k - 2 scrolls of fog {unknown}
 l - 3 scrolls of blinking {unknown}
 m - a scroll of enchant weapon {unknown}
Potions
 f - 2 potions of haste {unknown}
 h - 4 potions of curing {unknown}


   Skills:
 + Level 2.3 Fighting
 * Level 5.8 Ranged Weapons
 + Level 4.1 Dodging
 - Level 1.5 Spellcasting
 - Level 4.0 Hexes


You had 6 spell levels left.
You knew the following spells:

 Your Spells              Type           Power      Damage    Failure   Level
a - Slow                  Hex            60%        N/A       3%          1

Your spell library contained the following spells:

 Spells                   Type           Power      Damage    Failure   Level
 Inner Flame              Hex/Fire       8%         N/A       26%         3
 Portal Projectile        Hex/Tloc       16%        N/A       26%         3
 Lesser Beckoning         Tloc           2%         N/A       28%         2
 Cause Fear               Hex            7%         N/A       36%         4
 Gell's Gravitas          Tloc           1%         N/A       50%         3
 Teleport Other           Tloc           1%         N/A       50%         3


Dungeon Overview and Level Annotations

Branches:
Dungeon (3/15)

Altars:
Yredelemnul


Message History

You shoot a sling bullet. The sling bullet hits the human!
The human is heavily wounded.
The human completely misses you.
You shoot a sling bullet.
The sling bullet closely misses the human.
The human hits you!
* * * LOW HITPOINT WARNING * * *
You shoot a sling bullet. The sling bullet hits the human.
The human is heavily wounded.
The human closely misses you.
You shoot a sling bullet.
The sling bullet hits the human but does no damage.
The human is heavily wounded.
The human hits you.
* * * LOW HITPOINT WARNING * * *
You shoot a sling bullet.
The sling bullet closely misses the human.
The human closely misses you.
You shoot a sling bullet. The sling bullet hits the human.
The human is severely wounded.
The human completely misses you.
You shoot a sling bullet.
The sling bullet barely misses the human.
The human barely misses you.
You shoot a sling bullet.
The sling bullet closely misses the human.
The human misses you.
You shoot a sling bullet.
The sling bullet closely misses the human.
The human hits you.
* * * LOW HITPOINT WARNING * * *
The human completely misses you.
You shoot a sling bullet. The sling bullet hits the human.
The human is severely wounded.
The human hits you.
* * * LOW HITPOINT WARNING * * *
You shoot a sling bullet.
The sling bullet barely misses the human.
The human hits you.
You die...

......#######..# #.##.#
######.†.......# #.##.#
#.#######.# #.##.#
######.# #.# #.##.#
.......# #.####.#..#
####.### ...##.#.## #.#
##.# #.# #.#
########.##.#.# #.#
#......p@...#.#
###.####.######.####>#
#...............# #.#
##.###.##.######## #.#
...##...#.###########.#
......#.............#.#
#####...#####.#####.#.#
##.## #.# #.#†# #.# #.#
#...#


You could see a human.

Vanquished Creatures
  2 scorpions
  A gnoll (D:1)
  3 adders
  A worm (D:2)
  A dart slug (D:2)
  6 bats
  5 endoplasms
  A giant cockroach (D:3)
  5 goblins
  2 hobgoblins (D:2)
  4 jackals (D:2)
  3 kobolds
  A quokka (D:3)
  7 ball pythons
  2 frilled lizards
  A jackal skeleton (D:3)
  7 rats
52 creatures vanquished.

Notes
Turn   | Place    | Note
-------+----------+-------------------------------------------
     0 | D:1      | Irreverend the Deep Elf Hexslinger began the quest for the
                  | Orb.
     0 | D:1      | Reached XP level 1. HP: 11/11 MP: 5/5
   103 | D:1      | Reached skill level 3 in Ranged Weapons
   117 | D:1      | Reached skill level 1 in Fighting
   117 | D:1      | Found a faded altar of an unknown god.
   141 | D:1      | Reached XP level 2. HP: 16/16 MP: 6/6
   157 | D:1      | You fall into a shaft and drop 1 floor!
   281 | D:2      | Noticed a scorpion
   287 | D:2      | Killed a scorpion
   288 | D:2      | Reached skill level 4 in Ranged Weapons
   288 | D:2      | Reached XP level 3. HP: 8/21 MP: 7/7
   288 | D:2      | Reached XP level 4. HP: 10/26 MP: 8/8
   962 | D:1      | Reached skill level 5 in Ranged Weapons
  1452 | D:3      | Reached XP level 5. HP: 30/30 MP: 9/9
  1610 | D:3      | Found a runed translucent door.
  1610 | D:3      | Noticed a human
  1615 | D:3      | Found a basalt altar of Yredelemnul.
  2165 | D:3      | HP: 1/30 [human (1)]
  2166 | D:3      | Slain by a human

Illustrated notes

Levels and vault maps discovered:
D:1:      nzn_arrival_water_spiral, layout_basic, basic_ecumenical_altar,
          minmay_tetromino_l2
D:2:      minmay_chambers_of_ones, layout_rooms, dreamdust_princess_corridor
D:3:      layout_loops_ring, dk_yredelemnul_ordeal

Skill      XL: |  1  2  3  4  5 |
---------------+----------------+-----
Ranged Weapons | 3 4 5 |  5.8
Fighting       | 1 2 |  2.3
Dodging        | 3 4 |  4.1
Spellcasting   | |  1.5
Hexes          | |  4.0

Action                     |  1- 3 |  4- 6 || total
---------------------------+-------+-------++-------
   Fire: Sling             |    45 |   130 ||   175
 Armour: Robe              |     2 |    10 ||    12
  Dodge: Dodged            |    29 |    38 ||    67
